 Dungeon Crawl Stone Soup version 0.28.0-53-g5a82cb258f (webtiles) character file.

Game seed: 1991418694061026415

96 fingers the Cutter (level 4, -3/26 HPs)
             Began as a Vampire Gladiator on May 27, 2022.
             Was a Plaything of Xom.
             Slain by a worm (9 damage)
             ... on level 3 of the Dungeon.
             The game lasted 00:13:39 (4606 turns).

fingers the Cutter (Vampire Gladiator)              Turns: 4606, Time: 00:13:39

Health: -3/26      AC: 10    Str: 14 (15) XL:     4   Next: 41%
Magic:  4/4        EV: 10    Int:  9 (10) God:    Xom [*.....]
Gold:   76         SH:  0    Dex: 13 (15) Spells: 3/3 levels left

rFire   . . .      SeeInvis +   a - +0 rapier
rCold   . . .      Faith    .   (no shield)
rNeg    . . .      Spirit   .   r - +0 scale mail
rPois   .          Reflect  .   c - +0 helmet
rElec   .          Harm     .   e - +0 cloak
rCorr   .          Rampage  .   (no gloves)
Will    .....                   (no boots)
Stlth   ..........              (no amulet)
HPRegen 0.28/turn               (no ring)
MPRegen 0.09/turn               (no ring)

@: healing quickly
A: alive, fangs 3, see invisible, vampiric 2, talons 1, iridescent scales 1,
MP-powered wands, [frail 2]
a: Exsanguinate, Renounce Religion


You were on level 3 of the Dungeon.
You worshipped Xom.
You were a special plaything of Xom.
You visited 1 branch of the dungeon, and saw 3 of its levels.

You collected 76 gold pieces.

Inventory:

Hand Weapons
 a - a +0 rapier (weapon)
Missiles
 d - 3 throwing nets
Armour
 c - a +0 helmet (worn)
 e - a +0 cloak (worn)
 r - a +0 scale mail (worn)
Magical Staves
 f - a staff of death
Scrolls
 b - a scroll of holy word {unknown}
 g - a scroll of fog {unknown}
 h - a scroll of fear {unknown}
 i - a scroll of immolation {unknown}
 j - 3 scrolls of identify {unknown}
 l - 2 scrolls of magic mapping {unknown}
 m - a scroll of torment {unknown}
 n - 2 scrolls of teleportation {unknown}
 p - a scroll of enchant armour {unknown}
Potions
 k - 2 potions of curing {unknown}
 o - 2 potions of brilliance {unknown}
 q - a potion of heal wounds {unknown}


   Skills:
 + Level 1.9 Fighting
 + Level 4.4 Short Blades
 + Level 1.6 Throwing
 + Level 0.9 Armour
 + Level 4.2 Dodging
 + Level 1.0 Stealth
 + Level 0.5 Unarmed Combat


You had 3 spell levels left.
You didn't know any spells.
Your spell library contained the following spells:

 Spells                   Type           Power      Damage    Failure   Level
 Foxfire                  Conj/Fire      0%         2x1d4     87%         1
 Animate Dead             Necr           0%         N/A       100%        4
 Excruciating Wounds      Necr           0%         N/A       100%        5


Dungeon Overview and Level Annotations

Branches:
Dungeon (3/15)

Altars:
Xom

Shops:
D:1 [

Annotations:
D:3 Shockd's ghost, amateur MfIE


Innate Abilities, Weirdness & Mutations

Your natural rate of healing is accelerated.
You have razor-sharp teeth.
You have supernaturally acute eyesight. (SInv)
You are afflicted with vampirism and can become a bat while bloodless.
You have sharp toenails.
You are partially covered in iridescent scales. (AC +2)
You expend magic power (3 MP) to strengthen your wands.
[You are very frail. (-20% HP)]


Message History

You claw the giant cockroach, but do no damage.
The giant cockroach is heavily wounded.
The giant cockroach bites you but does no damage.
You hit the giant cockroach.
You kill the giant cockroach!
You hit the worm. You bite the worm.
The worm is severely wounded.
The worm bites you.
You hit the worm but do no damage. You bite the worm.
The worm is severely wounded.
You hit the worm but do no damage. You claw the worm, but do no damage.
The worm is severely wounded.
You hit Shockd's ghost but do no damage.
Your kick misses Shockd's ghost. You hit Shockd's ghost.
Shockd's ghost is lightly damaged.
Shockd's ghost closely misses you. The worm barely misses you.
You closely miss Shockd's ghost.
Shockd's ghost is lightly damaged.
Shockd's ghost hits you but does no damage.
The worm bites you.
You completely miss Shockd's ghost. Your kick misses Shockd's ghost.
You punch Shockd's ghost.
Shockd's ghost is lightly damaged.
Shockd's ghost freezes you.
You are frozen!
You puncture Shockd's ghost! Your kick misses Shockd's ghost.
Shockd's ghost is moderately damaged.
Shockd's ghost barely misses you. The worm bites you.
You closely miss Shockd's ghost. You claw Shockd's ghost.
Shockd's ghost is heavily damaged.
Shockd's ghost hits you.
You miss Shockd's ghost. Your kick misses Shockd's ghost.
Shockd's ghost is heavily damaged.
Shockd's ghost hits you but does no damage.
The worm bites you.
* * * LOW HITPOINT WARNING * * *
The worm bites you!
You die...
Xom is highly amused!

#.. ............# #.#
###########.# #.#### #..
##.##.#####.######
#..#.#............
##.#.###.##..####.#
....## ##.#..# #.#######
.#.#.###.##..####.#≈≈≈≈≈≈
.._...#.........@W†w≈≈≈/≈
.#.###.####..####w#≈≈≈≈≈≈
.#.# ### #..# #.#######
.#.# ####..# ##. #
.#.#####.....# .. .#
..†..........#####....
...#####.....>...#..#.#
#.............##.#....#
#.######.............#


You could see 2 worms and Shockd's ghost.

Vanquished Creatures
  2 adders (D:2)
  A worm (D:3)
  2 dart slugs
  5 ball pythons
  11 endoplasms
  6 giant cockroaches
  4 goblins (D:1)
  7 hobgoblins
  5 quokkas
  3 bats
  2 frilled lizards
  9 kobolds
  8 rats
  A bush (D:1)
66 creatures vanquished.

Vanquished Creatures (others)
  8 plants
8 creatures vanquished.

Grand Total: 74 creatures vanquished

Notes
Turn   | Place    | Note
-------+----------+-------------------------------------------
     0 | D:1      | fingers the Vampire Gladiator began the quest for the Orb.
     0 | D:1      | Reached XP level 1. HP: 16/16 MP: 1/1
   396 | D:1      | Reached XP level 2. HP: 22/22 MP: 2/2
  1228 | D:1      | Found Ceog's Antique Armour Boutique.
  1313 | D:1      | Gained mutation: You are afflicted with vampirism and can
                  | become a bat while bloodless. [Vampire growth]
  1313 | D:1      | Reached XP level 3. HP: 27/27 MP: 3/3
  2894 | D:2      | Found a faded altar of an unknown god.
  2902 | D:2      | Prayed at the altar of an unknown god.
  2902 | D:2      | Became a worshipper of Xom the Tricky
  3072 | D:2      | XOM: silly message
  3341 | D:2      | XOM: silly message
  3345 | D:2      | Reached XP level 4. HP: 26/26 MP: 4/4
  3660 | D:2      | Reached skill level 1 in Stealth
  3828 | D:3      | XOM: butterfly on damage
  3843 | D:3      | XOM: polymorph butterfly -> adder
  4160 | D:3      | XOM: give mutations
  4160 | D:3      | Gained mutation: You expend magic power (3 MP) to
                  | strengthen your wands. [Xom's grace]
  4160 | D:3      | Gained mutation: You are partially covered in iridescent
                  | scales. (AC +2) [Xom's grace]
  4160 | D:3      | Gained mutation: You have sharp toenails. [Xom's grace]
  4323 | D:3      | XOM: summons 2 hostile shadow creatures
  4352 | D:3      | XOM: 6-stop teleportation journey
  4512 | D:3      | Got Sif Muna's Handbook of the Doomed Arsonist
  4558 | D:3      | XOM: scenery: create altars
  4582 | D:3      | Found a runed translucent door.
  4588 | D:3      | Noticed Shockd's ghost (amateur MfIE)
  4606 | D:3      | Slain by a worm

Illustrated notes

Levels and vault maps discovered:
D:1:      eino_arrival_cavern_b, layout_loops_corners, serial_shops, shop,
          serial_forest, infiniplex_forest_zigzag_1,
          infiniplex_forest_lined_room_, infiniplex_forest_straight_4,
          infiniplex_forest_lined_room_2, infiniplex_forest_fountain,
          infiniplex_forest_side_room, infiniplex_forest_end_2,
          infiniplex_forest_corner_1, infiniplex_forest_clump_long,
          infiniplex_forest_fountain
D:2:      layout_basic, basic_ecumenical_altar, serial_forest,
          infiniplex_forest_clump_curved, infiniplex_forest_end_2,
          infiniplex_forest_clump_small, infiniplex_forest_lined_room_,
          infiniplex_forest_corner_1, infiniplex_forest_corner_2,
          kennysheep_generic_room_2
D:3:      layout_loops_ring, ebering_ghost_sewer_f, st_stairs_11,
          minmay_parallelograms

Skill      XL: |  1  2  3  4 |
---------------+-------------+-----
Dodging        | 4 |  4.2
Short Blades   | 4 |  4.4
Stealth        | 1 |  1.0
Fighting       | |  1.9
Throwing       | |  1.6
Armour         | |  0.9
Unarmed Combat | |  0.5

Action                   |  1- 3 |  4- 6 || total
-------------------------+-------+-------++-------
Melee: Rapier            |   225 |    77 ||   302
       Bite              |    54 |    13 ||    67
       Punch             |     5 |     2 ||     7
       Unarmed           |    69 |    17 ||    86
       Kick              |       |    14 ||    14
 Abil: Exsanguinate      |     2 |       ||     2
       Revivify          |     2 |       ||     2
       Bat Form          |     1 |       ||     1
 Stab: Sleeping          |     4 |     1 ||     5
Armor: Leather armour    |    18 |     6 ||    24
       Scale mail        |       |    15 ||    15
Dodge: Dodged            |   141 |    40 ||   181
